 Dungeon Crawl Stone Soup version 0.31-a0-851-g7ff8af7976 (webtiles) character file.

Game seed: 17111682282179065685

72 gengagingus the Slasher (level 4, -1/42 HPs)
             Began as a Troll Gladiator on Oct 5, 2023.
             Succumbed to a gnoll's poison
             ... on level 2 of the Dungeon.
             The game lasted 00:06:47 (1438 turns).

gengagingus the Slasher (Troll Gladiator)           Turns: 1438, Time: 00:06:47

Health: -1/42      AC:  9    Str: 24    XL:     4   Next: 6%
Magic:  3/3        EV: 11    Int:  4    God:
Gold:   144        SH:  0    Dex: 17    Spells: 3/3 levels left

rFire   . . .        a - +0 long sword
rCold   . . .        (no shield)
rNeg    . . .        b - +0 robe
rPois   .            c - +1 hat
rElec   .            (no cloak)
rCorr   .            (gloves unavailable)
SInv    .            (boots unavailable)
Will    .....        (no amulet)
Stlth   ++           h - +4 ring of protection
HPRegen 1.07/turn    f - +6 ring of dexterity
MPRegen 0.08/turn

%: no passive effects
@: lethally poisoned (-1 -> -25)
A: large, unfitting armour, claws 3, regeneration 1, shaggy fur 1, tough skin 1
a: no special abilities


You were on level 2 of the Dungeon.
You visited 1 branch of the dungeon, and saw 2 of its levels.

You collected 144 gold pieces.

Inventory:

Hand Weapons
 a - a +0 long sword (weapon)
 i - a +0 falchion
 l - a +0 dagger of venom
Missiles
 d - 3 throwing nets (quivered)
 e - a large rock
Armour
 b - a +0 robe (worn)
 c - a +1 hat (worn)
 j - a +1 pair of boots
 n - a +0 scale mail
 o - a +0 ring mail
Jewellery
 f - a +6 ring of dexterity (right claw)
 h - a +4 ring of protection (left claw)
Talismans
 r - a storm talisman
Scrolls
 m - a scroll of blinking
 p - a scroll of teleportation
 q - a scroll of revelation
Potions
 g - a potion of enlightenment {unknown}
 k - a potion of might {unknown}


   Skills:
 + Level 2.0 Fighting
 + Level 3.2 Long Blades
 + Level 1.9 Throwing
 + Level 3.1 Dodging


You had 3 spell levels left.
You didn't know any spells.
Your spell library contained the following spells:

 Spells                   Type           Power      Damage    Failure   Level
 Apportation              Tloc           0%         N/A       50%         1
 Necrotise                Necr           0%         1d4       50%         1
 Summon Small Mammal      Summ           0%         N/A       50%         1


Dungeon Overview and Level Annotations

Branches:
Dungeon (2/15)

Altars:

Shops:
D:1 *


Innate Abilities, Weirdness & Mutations

You are too large for most types of armour.
You have claws for hands.
Your natural rate of healing is unusually fast.
You are covered in fur. (AC +1)
You have tough skin. (AC +1)


Message History

The gnoll is heavily wounded.
The gnoll misses you.
You hit the gnoll but do no damage.
The gnoll is heavily wounded.
The gnoll hits you but does no damage.
You closely miss the gnoll.
The gnoll is heavily wounded.
The gnoll hits you but does no damage.
You barely miss the gnoll.
The gnoll is heavily wounded.
The gnoll barely misses you.
You closely miss the gnoll.
The gnoll is heavily wounded.
The gnoll closely misses you. x2
You slash the gnoll!
You kill the gnoll!
Your Fighting skill increases to level 2!
You have reached level 4!
You barely miss the gnoll.
The gnoll hits you with a +0 flail of venom!
You are poisoned.
You closely miss the gnoll.
You feel very sick. The gnoll hits you but does no damage.
You are more poisoned.
You hit the gnoll.
The gnoll is lightly wounded.
You feel very sick.
The gnoll hits you with a +0 flail of venom!
You are lethally poisoned!
The gnoll hits you but does no damage.
You are more poisoned.
You hit the gnoll.
The gnoll is moderately wounded.
* * * LOW HITPOINT WARNING * * *
You feel extremely sick. The gnoll barely misses you.
You slash the gnoll!
You kill the gnoll!
You die...

### #.. .# #.# #.#
###### ##.## #.# #..)..
..( ##.#####.#### #)#
##.....##.# #@#
.......#.####
#.####...........#
#...<.......#....#
#......#####....##.#.#.
#..###.# #.####...#.# #
#.# ##'## #..#... #.#
##...###...#(#
#.###.....###.#.#.
#.##.......##..#..


There were no monsters in sight!

Vanquished Creatures
  4 gnolls (D:2)
  A dart slug (D:2)
  6 endoplasms
  3 giant cockroaches
  3 goblins (D:1)
  4 hobgoblins
  2 kobolds
  2 quokkas (D:1)
  3 ball pythons
  2 bats (D:2)
  4 frilled lizards
  5 rats
39 creatures vanquished.

Notes
Turn   | Place    | Note
-------+----------+-------------------------------------------
     0 | D:1      | gengagingus the Troll Gladiator began the quest for the
                  | Orb.
     0 | D:1      | Reached XP level 1. HP: 19/19 MP: 0/0
   140 | D:1      | Reached XP level 2. HP: 28/28 MP: 1/1
   241 | D:1      | Found Dece Ekueqepn's Assorted Antiques.
  1264 | D:2      | Reached XP level 3. HP: 35/35 MP: 2/2
  1359 | D:2      | HP: 1/35 [kobold/+1 dagger of protection (2)]
  1434 | D:2      | Reached XP level 4. HP: 42/42 MP: 3/3
  1438 | D:2      | Succumbed to a gnoll's poison

Illustrated notes

Levels and vault maps discovered:
D:1:      lightli_arrival_lavapool, layout_basic, serial_shops, shop
D:2:      layout_loops_corners, minmay_tiny_reverse_x

Skill      XL: |  1  2  3 |
---------------+----------+-----
Long Blades    | 3 |  3.2
Dodging        | 3 |  3.1
Fighting       | 2 |  2.0
Throwing       | |  1.9

Action                     |  1- 3 |  4- 6 || total
---------------------------+-------+-------++-------
  Melee: Long sword        |   143 |     5 ||   148
         Punch             |     3 |       ||     3
         Unarmed           |     2 |       ||     2
    Use: Scroll            |     4 |       ||     4
         Potion            |     1 |       ||     1
   Stab: Sleeping          |     4 |       ||     4
 Armour: Robe              |    90 |     4 ||    94
         Skin              |     6 |       ||     6
  Dodge: Dodged            |    80 |     1 ||    81
         Form:             |     2 |       ||     2
         Storm             |     2 |       ||     2

Table legend: (Time is in decaauts)
 A = Elapsed time spent in this place.
 B = Non-inter-level travel time spent in this place.
 C = Inter-level travel time spent in this place.
 D = Time resting spent in this place.
 E = Time spent auto-exploring this place.
 F = Levels seen in this place.
 G = Mean time per level.
                   A        B        C        D        E       F      G
               +--------+--------+--------+--------+--------+-----+--------+
         Total |   1476 |    402 |   1074 |      0 |      0 |   2 |  738.0 |
       Dungeon |   1476 |    402 |   1074 |      0 |      0 |   2 |  738.0 |
               +--------+--------+--------+--------+--------+-----+--------+

Top non-repeatable levels by time:
     D:2: 762 daAuts
     D:1: 714 daAuts
